AoeStats
← Emperor_Napoleon

Arabia

510452899Analyzed
1v1 RM · 18h ago on Oct 1, 2026· 20m 5s· 2 players
Game mode
Random Map
Map size
Tiny (2 player)
Population
200
Speed
Normal
Resources
Standard
Victory
Conquest
Starting age
Dark Age
Ending age
Imperial Age
RankedLock teamsTeams togetherTeam positionsShared explorationLock speedFull tech treeHidden civsTurbo modeCheats
Victory
Defeat
🇨🇳 Saracens · China
2656
+4
🇨🇳 Muisca · China
2338
-4
勇敢熊熊
6:03 Loom
8:53 Feudal Age
9:26 Double-Bit Axe
15:14 Fletching
19:11 Castle Age
17:39 Gold Mining
17:55 Horse Collar
19:51 Bodkin Arrow
19:16 Crossbowman
Emperor_Napoleon
6:11 Loom
9:17 Feudal Age
9:31 Champi Runner
14:34 Scale Mail Armor
17:38 Double-Bit Axe
17:46 Gold Mining
Connection lost

Rejoining the realm…

Still unreachable

The connection could not be restored.

Session expired

The server has moved on; the page needs a fresh start.